Workbook
Name CSV_施設種別: 第２号様式!$AS$84:$AS$85
Name ＧＨ夜間防災体制加算: 第２号様式!$AT$284:$AT$289
Name WAM対応1: 第２号様式!$AS$88:$AX$109
Name WAM対応2: 第２号様式!$AX$88:$BB$96
Name WAM対応3: 第２号様式!$BC$88:$BG$88
Name リスト_ＣＨ夜間支援体制加算: #REF!
Name リスト_ＣＨ夜間支援体制加算: 第２号様式!$AT$271:$AT$280
Name リスト_ＧＨ夜間防災体制加算: #REF!
Name リスト_ＧＨ夜間防災体制加算: 第２号様式!$AT$284:$AT$289
Name リスト_サービス種類1: 第２号様式!$AV$88:$AV$89
Name リスト_委任状元号: 第２号様式!$AT$149:$AT$150
Name リスト_施設等の区分_児童デイ: #REF!
Name リスト_施設等の区分_児童デイ: 第２号様式!$AT$241:$AT$243
Name リスト_主たるサービス種類_付１０: 第２号様式!$AT$331:$AT$332
Name リスト_主たるサービス種類_付１１: #REF!
Name リスト_主たるサービス種類_付１１: 第２号様式!$AT$336:$AT$337
Name リスト_主たるサービス種類_付１２: #REF!
Name リスト_主たるサービス種類_付１２: 第２号様式!$AT$341:$AT$342
Name リスト_主たるサービス種類_付３: #REF!
Name リスト_主たるサービス種類_付３: 第２号様式!$AT$311:$AT$312
Name リスト_主たるサービス種類_付５: #REF!
Name リスト_主たるサービス種類_付５: 第２号様式!$AT$316:$AU$323
Name リスト_主たるサービス種類_付９: #REF!
Name リスト_主たるサービス種類_付９: 第２号様式!$AT$326:$AT$327
Name リスト_就労移行支援体制加算区分: #REF!
Name リスト_就労移行支援体制加算区分: 第２号様式!$AT$293:$AT$298
Name リスト_処遇改善助成金キャリアパス区分: #REF!
Name リスト_処遇改善助成金キャリアパス区分: 第２号様式!$AT$302:$AT$306
Name リスト_人員配置区分_共同生活援助: #REF!
Name リスト_人員配置区分_共同生活援助: 第２号様式!$AT$263:$AT$267
Name リスト_人員配置区分_共同生活介護: 第２号様式!$AT$256:$AT$259
Name リスト_人員配置区分_施設入所支援: 第２号様式!$AT$167:$AT$177
Name リスト_人員配置区分_生活介護: #REF!
Name リスト_人員配置区分_生活介護: 第２号様式!$AT$148:$AT$158
Name リスト_人員配置区分_療養介護: #REF!
Name リスト_人員配置区分_療養介護: 第２号様式!$AT$247:$AT$252
Name リスト_定員区分_児童デイ: #REF!
Name リスト_定員区分_児童デイ: 第２号様式!$AT$187:$AT$190
Name リスト_夜間支援対象利用者数: 第２号様式!$AT$215:$AT$227
Name リスト_夜間支援対象利用者数_小規模: 第２号様式!$AT$231:$AT$237
Name 事業種類: 第２号様式!$AT$88:$AT$109
Name 事業種類コード: 第２号様式!$AV$88:$AV$109
Name 取込変換_ＣＨ夜間支援体制加算: #REF!
Name 取込変換_ＣＨ夜間支援体制加算: 第２号様式!$AV$271:$AW$280
Name 取込変換_ＧＨ夜間防災体制加算: #REF!
Name 取込変換_ＧＨ夜間防災体制加算: 第２号様式!$AV$284:$AW$289
Name 取込変換_施設等の区分_児童デイ: #REF!
Name 取込変換_施設等の区分_児童デイ: 第２号様式!$AV$241:$AW$243
Name 取込変換_主たるサービス種類_付１０: #REF!
Name 取込変換_主たるサービス種類_付１０: 第２号様式!$AV$331:$AW$332
Name 取込変換_主たるサービス種類_付１１: #REF!
Name 取込変換_主たるサービス種類_付１１: 第２号様式!$AV$336:$AW$337
Name 取込変換_主たるサービス種類_付１２: #REF!
Name 取込変換_主たるサービス種類_付１２: 第２号様式!$AV$341:$AW$342
Name 取込変換_主たるサービス種類_付３: #REF!
Name 取込変換_主たるサービス種類_付３: 第２号様式!$AV$311:$AW$312
Name 取込変換_主たるサービス種類_付５: #REF!
Name 取込変換_主たるサービス種類_付５: 第２号様式!$AV$316:$AW$323
Name 取込変換_主たるサービス種類_付９: #REF!
Name 取込変換_主たるサービス種類_付９: 第２号様式!$AV$326:$AW$327

Sheet 必要書類一覧
A1: ○：必ず提出していただくもの △：該当がない書類等は省略可能 ※該当するかどうかわからない場合、省略せず提出してください。
B2: 必要書類一覧 | D2: 特定相談支援 | E2: 障害児相談支援
D3: 計画相談支援 | E3: 障害児相談支援
B4: 第2号様式 | C4: 申請書 | D4: ○ | E4: ○
B5: 口座振込依頼書 | D5: ○ | E5: ○
B6: 通帳の写し
B7: 付表１ | D7: 〇 | E7: 〇
B8: 付表別紙 | D8: △ | E8: △
B9: 別紙１ | D9: △ | E9: △
B10: 定款 | D10: ○ | E10: ○
B11: 履歴事項全部証明書 | D11: ○ | E11: ○
B12: 運営規程 | D12: ○ | E12: ○
B13: 参考様式１ | C13: 平面図 | D13: ○ | E13: ○
B14: 参考様式３ | C14: 設備 | D14: ○ | E14: ○
C15: 写真 | D15: ○ | E15: ○
B16: 参考様式４ | C16: 経歴書 （管理者） | D16: ○ | E16: ○
C17: 経歴書 （相談支援専門員） | D17: ○ | E17: ○
C18: 相談支援専従事者初任者研修の終了証・現任研修の終了証 | D18: ○ | E18: ○
B19: 参考様式５ | C19: 実務経験 | D19: ○ | E19: ○
B20: 参考様式６ | C20: 苦情解決 | D20: ○ | E20: ○
B21: 別紙２ | C21: 勤務形態 | D21: ○ | E21: ○
B22: 参考様式７ | C22: 主たる対象者 | D22: △ | E22: △
B23: 参考様式８ | C23: 誓約書 | D23: ○ | E23: ○
B24: 参考様式９ | C24: 協力機関 | D24: ○ | E24: ○
B25: 管理者の誓約書 | D25: ○ | E25: ○
B26: 参考様式１０ | C26: 事業計画書 | D26: ○ | E26: ○
B27: 参考様式１１ | C27: 計画相談・障害児相談支援事業 開始届出書 | D27: ○ | E27: ○
B28: 参考様式１２ | C28: 収支予算書 | D28: ○ | E28: ○
B29: その他 | C29: 財産目録または決算書 | D29: ○ | E29: ○
C30: 建物賃貸借契約書 | D30: ○ | E30: ○
C31: 防火対象物使用開始届出書の副本の写し | D31: △ | E31: △
C32: 賠償責任保険証書の写し | D32: ○ | E32: ○
C33: 情報公表システム 法人ID発行/事業所情報登録依頼票 | D33: ○ | E33: ○
C34: 業務管理体制の届出 | D34: △ | E34: △
C35: 介護給付費等算定に係る体制等に関する届出書 | D35: ○ | E35: ○
C36: 指定書送付用レターパックライト（４３０円） | D36: ○ | E36: ○
C37: 社会保険及び労働保険への加入状況にかかる確認票 | D37: ○ | E37: ○
C38: 提出書類確認票 | D38: ○ | E38: ○

Sheet 指定申請書類チェックシート
A1: 指定申請書類チェックシート
A2: 必ず以下のチェック項目について確認をした上で書類を提出ください。
A4: ※申請するサービスにより提出が必要な様式が異なります。必要な様式は、サービスごとの必要書類一覧を確認ください。
A5: ※以下のチェック事項にない事項でも、記載に誤りがあれば修正が必要となります。
A6: 様式 | B6: チェック事項（よくある誤り） | I6: 確認
A7: 全様式共通 | B7: 右上の日付欄は書類の発送日を記載してください。
B8: 法人の所在地は、履歴事項全部証明書にある所在地と完全に一致させてください。
B9: 法人名称は、履歴事項全部証明書にある名称と完全に一致させてください。（スペースの有無も完全に一致させる） 【よくある誤り：「登記では「○○ 株式会社」とあるものを、書類には「○○株式会社」と記載している】
B10: 半角カタカナでフリガナを記載する欄は、必ず半角カタカナで記載してください。
B11: 職員の氏名を正しく記載してください。（「高」と「髙」の違い、「沢」と「澤」の違い 等）
B12: 職員の氏名は、苗字の名前の間を１文字開けてください。（フリガナも同様）
B13: 申請先を記載する書類は、申請先を必ず「相模原市長」にしてください。
B14: 代表者氏名には必ず肩書きを記載してください。
B15: 日付は全て和暦（令和○年○月○日）で記載してください。（西暦や、Ｒ○年 という記載は×）
B16: 事業所の所在地は全ての書類で一致させてください。
B17: 既に市内に所在する他の事業所と類似した事業所名をつけないようにしてください。 （障害福祉情報サービスかながわで類似した事業所名がないか確認してください。）
B18: 事業所の名称は全ての書類で一致させてください。（名称内のスペースの有無も完全に一致させてください。）
A19: 第２号様式（指定申請書） | B19: 住所は、数字も含めて全て全角で記載してください。
B20: 営利法人の場合、「法人所轄庁」欄は空欄としてください。
B21: 「主たる事業所名称」欄の記載漏れに注意してください。
B22: 「指定有効終了年月日」欄には指定有効開始年月日の６年後の日付を記載してください。
B23: 「※」がついた欄には記載しないでください。
A24: 口座振込（変更）依頼書 | B24: 「名義人」の「フリガナ」は、通帳を開いたページに記載のあるフリガナと完全に一致させてください。（※半角） 【よくある誤り 通帳：カ）サガミハラフクシカイ カナガワ イチロウ 誤り例１：カブシキガイシャ カナガワ イチロウ （法人名称を略語にしていないため×） 誤り例２：カ）サガミハラフクシカイ カナガワイチロウ（スペースの位置が一致していないため×）
B25: 「名義人」の「氏名」は、通帳の表紙に記載のある氏名と完全に一致させてください。 【よくある誤り 通帳：株式会社さがみはら福祉会 神奈川 一郎 誤り例：株式会社さがみはら福祉会 神奈川一郎（スペースの位置が一致していないため×）
A26: 通帳の写し | B26: 通帳の写し（表紙及び開いたページ）を添付するか、金融機関の確認印を受けてください。
A27: 付表 ※サービスにより様式が異なるため、該当しない項目もあります。 | B27: 事業所の「電話番号」及び「ＦＡＸ番号」は、体制届に記載する番号と一致させてください。
B28: 「当該事業の実施について定めてある定款・寄付行為又は条例等」欄は、条番だけでなく、定めるものの名称も必ず記載してください。 【例 「定款第○条第○項第○号」「寄付行為第○条第○項第○号」】
B29: 管理者が、申請をするサービスの他の職種と兼務をする場合は、「兼務の有無」欄を「有」としてください。
B30: 管理者及びサービス管理責任者・サービス提供責任者・児童発達支援管理責任者の住所は、経歴書（参考様式４）と完全に一致させてください。
B31: 「従業者の職種・員数」は、運営規程及び勤務形態一覧表（別紙２）と完全に一致させてください。
B32: 「前年度の平均利用者数」欄には、定員の９０％を記載してください。
B33: 「営業時間」は、半角数字で「00：00」という形式で記載してください。 【よくある誤り：「9～17」×】
B34: 「主たる対象者」は、運営規程の規定と完全に一致させてください。
B35: 「利用料」「その他費用」欄は、「運営規程に定めるとおり」として良いですが、漢字の誤りのないようお気を付けください。 【よくある誤り：「運営規程」を、「運営規定」と記載している】
B36: 「通常の事業の実施地域」は、運営規程の規定と完全に一致させてください。
B37: 「苦情解決の措置概要」の「窓口（連絡先）」欄には、苦情解決窓口の電話番号を記載してください。（※参考様式６に記載する番号と一致させてください。）
B38: 「苦情解決の措置概要」の「担当者」は、参考様式６に記載する担当者名と一致させてください。
B39: 「協力医療機関」の「名称」は、参考様式１０にある医療機関の名称と一致させてください。
... B41: 「※」がついた欄には記載しないでください。
A42: 別紙１ | B42: 同一法人において、他の法律において指定を受けている全ての事業所を記載してください。（他県も含む） （児童福祉法・障害者総合支援法・介護保険法） 無い場合は提出不要です。
A43: 定款 | B43: 実施する事業の法律名やサービス名が正しく規定されておりませんと、指定が受けられません。 【例 障害福祉サービス事業を申請する場合の正しい規定： 障害者の日常生活及び社会生活を総合的に支援するための法律に基づく障害福祉サービス事業】
A44: 履歴事項全部証明書 ※発行後３ヶ月以内のもの | B44: 原本を提出してください。
A45: 運営規程 | B45: 以下のページから最新の記載例を確認ください。 記載例のデータから作成いただかなくても構いませんが、記載例にある項目は全て記載いただく必要があります。 ※令和６年度報酬改定に伴い、運営規程に記載する必要のある内容が変更され、記載例も大幅に変更されています。 ○インターネットサイト「障害福祉情報サービスかながわ」 書式ライブラリ→４．相模原市からのお知らせ→１４．運営規程（作成例）
B46: 記載例から作成した場合、サービスによっては「*主たる対象者の特定内容に応じて記載」といった注意事項が掲載されているので削除してください。
B47: 第２条 法人名が正しく記載されているか確認してください。 【よくある誤り： ㈱○○○ （法人名が略称になっているため×）】
B48: 第１条 実施する事業について定める法律名を必ず記載してください。
B49: 職員の員数の規定 ： 職種ごとに、常勤・非常勤、専従・兼務の別を記載してください。
B50: 主たる対象者の特定をする場合は規定してください。※併せて参考様式８も提出が必要です。
B51: 通常の事業の実施地域 ： 客観的にその区域が特定されるものとする必要があります。 【よくある誤り：「相模原市及びその周辺地域」 （区域が特定できないため×）】
A52: 参考様式１（事業所・施設の平面図） | B52: 「建物の名称」欄には、賃貸借契約書に記載のある建物の名称を記載してください。
B53: 「構造概要」欄には、賃貸借契約書に記載のある「構造」を記載してください。
B54: 他の事業所や施設と供用する場合は、共用する事業所や施設名を記載してください。 ※多機能型事業所の場合も、共用するサービス名を記載してください。 ※共用がない場合は、「無」と記載してください。
B55: 図面上の部屋名称は、指定基準に定める名称を記載してください。 【例 「訓練・作業室」「指導訓練室」「相談室」「事務室」「洗面所」「便所」「多目的室」等】
B56: 部屋ごとの面積を記載してください。
B57: 平面図上に、事業所の占有でない部分がある場合は、占有部分が分かるように色分けする等してください。
B58: 多機能型事業所の場合、サービスごとの占有部分や共用部分が分かるように色分けする等してください。
B59: 「手指を洗浄するための設備」の設置が必要なサービスについては、設置場所を図面に記載してください。
B60: 写真の撮影場所が分かるように、各写真に番号を付け、その番号を図面に記載してください。 （※撮影した向きが分かるように、「①→」と、番号に矢印を付けてください。）
A61: 参考様式３（事業所の設備・備品一覧表） | B61: 「設備の概要」欄に部屋名称を記載し、部屋ごとに何の備品を設置しているのかが分かるように記載してください。
B62: 「備品の品名及び数量」欄に記載する備品は、全て数量も記載してください。
B63: 「手指を洗浄するための設備」の設置が必要なサービスについては、手指洗浄の設備（手指消毒液等）についても「備品の品名及び数量」欄に記載してください。
B64: 特定の商品名は記載しないでください。
B65: 「消火器」を「消化器」と誤って記載している場合がありますので注意してください。
A66: 事業所のカラー写真 | B66: 建物の外観の写真を撮影してください。また、事業所がテナントなどの場合には、その事業所の場所がわかるように建物の入口から事業所の入口までの写真も撮影してください。
B67: 事業所内の全ての部屋（トイレも含む）において、部屋全体が見えるように撮影してください。※死角がないように、複数枚撮影してください。
B68: 写真によって備品の位置が変わることのないよう注意してください。
B69: 参考様式３に記載している備品が全て確認できるように撮影してください。 （※参考様式３にある備品の数量と、写真に写っている備品の数量が一致しているか必ず確認ください。）
B70: 用紙１枚に写真を複数枚プリントしていただいても結構ですが、あまり小さいと部屋の構造や備品の数量が確認できませんので留意ください。
B71: 相談室は、部屋の中だけでなく、扉を閉めた状態で扉の外から撮影した写真も添付してください。 （相談室使用中に、相談室の外から相談室の中が見えないことを確認するため。）
B72: 鍵付き書庫は、鍵付きであることが分かるように撮影してください。
B73: 事業所の看板の写真も添付してください。（仮置きのものでも結構です） ※申請する事業所名と看板にある事業所名が完全に一致しているか確認ください。
A74: 参考様式４（経歴書） | B74: 「管理又は従事する事業所が複数の場合はその全てを記載してください。」欄には、兼務先をサービスごとに記載してください。
B75: 「主な職歴」の「勤務先」は、法人名だけでなく、実際に勤務していた事業所や施設名も記載してください。
B76: 「主な職歴」の「期間」「勤務先」「職務内容」が実務経験証明書（参考様式５）と一致しているか確認ください。
B77: 「職務に関する資格」欄には、申請をする事業の職務に関係のない資格は記載不要です。
B78: 「資格の種類」及び「資格取得年月日」は、資格証と一致させてください。
B79: 「備考（研修等の受講の状況等）」欄には、受講・修了が必要な研修の受講状況について記載してください。 ※未受講の場合は、受講予定時期を記載してください。
A80: 資格証の写し | B80: 資格証にある氏名と現在の氏名が異なる場合、「資格証の写し」の余白欄に現在の氏名を記入してください。
A81: 研修修了証の写し | B81: 申請するサービスにより受講・修了が必要な研修が異なります。
A82: 参考様式５（実務経験証明書） | B82: 本市様式でないものは認められません。提出前に、正しい様式であることを今一度確認ください。 ※写しではなく、原本を提出してください。
B83: 「業務期間」の年数及び月数（○年○月間）が正しく記載されているか確認してください。 【例 期間が「平成２５年４月１日～平成２６年３月１５日」の場合、「１１月間」が正】
B84: 「上記のうち業務に従事した日数」欄には、具体的な日数を記載する必要があります。（「週５日勤務」等の記載は×）
B85: 「職名」は正しい名称を記載する必要があります。 【例 「放課後等デイサービス」の「指導員」として勤務していた場合は、「職名」欄には「指導員」と記載する必要がある。「従業者」「常勤職員」等、基準に定める職種でないものは×】
B86: 業務内容に具体的な要件があるサービスについては、証明書に記載されている業務内容が要件について証明するものになっているか確認してください。 【例 ・行動援護のサービス提供責任者及び従業者：知的障害者、知的障害児または精神障害者の直接支援業務 ・同行援護の従業者：視覚障害を有する身体障害者又は障害児の直接支援業務 】
A87: 参考様式６ （苦情解決の措置概要） | B87: 役割名を正しく記載してください。 【よくある誤り：同一人を指すにも関わらず、場所によって「苦情受付担当者」や「苦情解決責任者」と、役割名が統一されていない】
B88: 「※具体的な対応方針」は、無い場合はこの記載は削除してください。
B89: 窓口（連絡先）等として、「相模原市福祉基盤課」を記載しないでください。
A90: 別紙２（勤務形態の一覧表） | B90: 当該様式は、「週５日営業×４週」の場合の勤務状況を確認しますので、特定の月ではなく、祝日の無い、月～金曜が平日の場合を想定して作成ください。
B91: 「職種」欄には、指定基準に定める職種名を正しく記載してください。 【よくある誤り ： 居宅系サービスにおける直接処遇職員は、「従業者」が正しい名称。 「ヘルパー」は×】
B92: 同一人が複数の職種を兼務する場合（管理者兼サービス管理責任者 等）は、職種ごとに行を分けて記載してください。（勤務時間も分けて記載してください。）
B93: 職員ごとに常勤換算後の人数を計算し、「常勤換算後の人数」欄に入力してください。
A94: 参考様式７ （主たる対象を特定する理由等） ※主たる対象者を限定する場合のみ | B94: 「申請に係るサービスの主たる対象者」を、運営規程に定める主たる対象者と一致させてください。
B95: 「３ 今後における主たる対象者の拡充の予定」は、申請をするサービスにおいて主たる対象者を拡充する予定がある場合は「有」としてください。
A96: 管理者の誓約書 | B96: 本市様式でないものは認められません。提出前に、正しい様式であることを今一度確認ください。
B97: 管理者の印も必ず押印してください。（印は個人印です。また、参考様式９別紙に押印したものと同じ印を使用してください。）
A98: 参考様式１１（開始届出書） | B98: 「１ 事業の種類及び内容」欄の事業の内容は、運営規程に定める内容と一致するようにしてください。
B99: 「２ 経営者の氏名及び住所」欄は、法人名及び法人の所在地を記載してください。
B100: 「３ 職員の定数及び職務の内容」欄は、運営規程に定める職員の職種、員数及び職務内容と一致させてください。
B101: 「４ 主な職員の氏名及び経歴」欄は、事業所の管理者についてのみ記載してください。また、経歴は、参考様式４にある経歴と一致させてください。
B102: 「５ 事業を行おうとする区域」欄は、運営規程に定める通常の事業の実施地域と一致させてください。
...

Sheet 【要提出】提出書類確認票
A1: 提出書類確認票 | J1: 居宅介護
A2: サービス種別 | J2: 重度訪問介護
A3: 事業所名 | J3: 行動援護
A4: 担当者 | J4: 同行援護
A5: TEL・E-mail | B5: TEL： | D5: E-mail: | J5: 療養介護
A6: 提出が「必須」でないものについては、変更がある場合には変更届と共に提出ください。 | J6: 生活介護
A7: 様式名等 | C7: 提出 | D7: 確認欄 | E7: 備考 | J7: 短期入所
A8: 第２号様式 | J8: 施設入所支援
A9: 口座振込依頼書
A10: 付表１ | E10: ※サービスごとに書式が異なる | J10: 自立生活援助
A11: 付表別紙
A12: 別紙１ | E12: ※他法で指定を受けている事業がある場合のみ ※他法による指定通知書の写しを添付 | J12: 共同生活援助
A13: 定款 | J13: 自立訓練（機能訓練）
A14: 履歴事項全部証明書 | E14: ※発行後３ヶ月以内の原本
A15: 運営規程 | J15: 就労継続支援Ｂ型
A16: 参考様式１（平面図） | E16: ※他業種と併設の場合は事業ごとに色分けする | J16: 計画相談支援
A17: 参考様式３（設備） | J17: 地域相談支援（地域定着支援）
A18: 事業所のカラー写真 | J18: 障害児相談支援
A19: 参考様式４（経歴書）
A20: 資格証の写し
A21: 研修修了証の写し
A22: 参考様式５（実務経験）
A23: 参考様式６（苦情解決） | E23: ※法人の内規があれば別途添付
A24: 別紙２（勤務形態） | E24: ※サービスごとに書式が異なる | J24: 自立訓練（生活訓練）
A25: 前回指定を受けた際の指定書の写し | J25: 就労定着支援
A26: 参考様式７（主たる対象） | E26: ※主たる対象者を限定する場合のみ
A27: 参考様式８（誓約書） | J27: 就労移行支援
A28: 参考様式９（協力体制）
A29: 管理者の誓約書 | E29: ※サービスごとに書式が異なる | J29: 就労継続支援Ａ型
A30: 参考様式１０（事業計画書）
A31: 参考様式１１（開始届出書）
A32: 参考様式１２（収支予算書）
A33: 財産目録又は決算報告書
A34: 事業所物件の賃貸借契約書の写し | E34: ※自社物件の場合、所有状況がわかるもの
A35: 賠償責任保険証書の写し
A36: 情報公表システム 法人ID発行/事業所情報登録依頼票
A37: 業務管理体制の届出 | E37: ※運営している事業所が相模原市内のみの場合
A38: 体制届 | E38: ※加算を取得する場合
A39: 指定書送付用レターパックライト （４３０円）
A40: 提出書類確認票

Sheet 第２号様式
B2: ＊次のいずれかを選択し、下の申請書に必要事項を入力してください。 | Z2: ※神奈川県使用欄
B4: 申請する事業所(施設）の種類 | O4: =AV83 -> 7 | Z4: 事業所番号
B5: 申請者の法人の種類 | Z5: サービス種類 | AA5: =IF($N$6<>"",VLOOKUP($N$6,$AS$88:$AV$89,4,FALSE),"")
B6: 申請する事業の種類 | N6: =AW83 | O6: 1
Z7: 異動区分
Z8: 異動年月日
B9: （第２号様式） | W9: 1
Q10: ※受付番号 | Z10: 支払方法
E11: 指定特定相談支援事業所 指定障害児相談支援事業所 | Q11: ※指定市町村番号 | Z11: 社福・A型減免 | AA11: FALSE
M12: 指定（更新）申請書
Q13: 令和 年 月 日
B14: （申請先） | H14: （申請者）
B15: 相模原市長 | I15: 所 在 地
I17: 名 称
I18: 代表者氏名
B20: =IF(N4=1,"障害者の日常生活及び社会生活を総合的に支援するための法律",IF(N4=2,"児童福祉法","")) | O20: に規定する
B21: =IF(OR($N$4=1,$N$4=2),VLOOKUP($N$4,$AS$84:$AT$85,2,FALSE),"") | G21: に係る指定を受けたいので、下記のとおり、関係書類を添えて申請します。
B23: 申請者（設置者） | C23: ﾌ ﾘ ｶﾞ ﾅ
C24: 名 称
C25: 主たる事務所の 所在地 | G25: 〒 | L25: ←郵便番号を半角数字７桁で記載してください
C28: 連絡先 | G28: 電話番号 | O28: ＦＡＸ番号
C29: 法人の種類 | G29: =IF(OR(N5=1,N5=2,N5=3,N5=4,N5=5,N5=6,N5=7,N5=8,N5=9,N5=10,N5=11,N5=12,N5=13,N5=14,N5=15),VLOOKUP(N5,AS111:AU125,2,FALSE),"") | O29: 法人所轄庁
C30: 代表者 | E30: 役 職
E31: 氏 名
E32: 住 所 | G32: 〒 | L32: ←郵便番号を半角数字７桁で記載してください
B35: 指定を受けようとする 事業所・施設の種類 | C35: ﾌ ﾘ ｶﾞ ﾅ
C36: 名 称
C37: 事業所（施設） の所在地 | G37: 〒 | L37: ※事業所(施設)所在地市町村番号 | T37: ※級地区分
C40: 事業等の種類 | G40: =IF($N$4="","",VLOOKUP($N$4,$AS$84:$AT$85,2,FALSE))
G41: =IF($L$6<>"",IF($N$4=1,VLOOKUP($N$6,$AS$88:$AT$88,2,FALSE),IF($N$4=2,VLOOKUP($N$6,$AS$92:$AT$92,2,FALSE),"")),"") | M41: 指定申請をする事業等の 事業開始予定年月日 | S41: 付表 | T41: 備考
S42: =IF($N$6<>"",IF($N$4=1,VLOOKUP($N$6,$AS$88:$AV$88,3,FALSE),IF($N$4=2,VLOOKUP($N$6,$AS$92:$AV$92,3,FALSE),)),"")
B43: 主たる事業所名称
B44: 同一の法律において既に 指定を受けている場合 | G44: サービスの種類 | P44: 事業所番号
G45: 事業所名称
B46: 指定有効開始年月日 | L46: 指定有効終了年月日
B47: 指定更新申請中区分 | G47: 2 | L47: 地域生活支援拠点等区分 | Q47: 2
B48: 効力停止開始年月 | L48: 効力停止終了年月日
B49: 事業変更年月日
B50: （備考）
B51: １ 「※」のついた欄には記載しないでください。
B52: ２ 「法人の種類」欄には、申請者が法人である場合に、「社会福祉法人」「医療法人」「社団法人」「財団法人」
B53: 「営利法人」等の別を記載してください。
B54: ３ 「法人所轄庁」欄には、申請者が認可法人である場合に、その主務官庁の名称を記載してください。
B55: ４ 「指定を受けようとする事業所・施設の種類」欄には、今回申請をするものについて必要事項を記載してください。
B56: ５ 「同一の法律において既に指定を受けている場合」欄には、神奈川県において既に事業所としての指定を受け、番号
B57: が付番されている場合に、その事業所に関する事項を記載してください。複数の番号を有する場合には、そのうちの
B58: 一つのみを記載してください。
V59: Ver.060
AV83: =IF($N$4=1,"3","7") -> 7 | AW83: =IF($N$4=1,VLOOKUP($L$6,$AR$88:$AV$89,2,FALSE),IF($N$4=2,2,"")) | AX83: ←サービス種類用
AS84: 1 | AT84: 指定特定相談支援事業所 | AU84: 3
AS85: 2 | AT85: 指定障害児相談事業所 | AU85: 7
AQ87: プルダウンの表示順→ | AR87: 0 | AS87: 0 | AT87: ←新しい番号
AR88: 1 | AS88: 1 | AT88: 計画相談支援 | AU88: 1 | AV88: 52
AR89: 2 | AS89: 2 | AT89: 障害児相談支援 | AU89: 1 | AV89: 55
AR91: 0 | AS91: 0 | AT91: ←新しい番号
AR92: 1 | AS92: 2 | AT92: 障害児相談支援 | AU92: 1 | AV92: 55
AS111: 1 | AT111: 社会福祉法人（社協以外） | AU111: 1
AS112: 2 | AT112: 社会福祉法人（社協） | AU112: 2
AS113: 3 | AT113: 医療法人 | AU113: 3
AS114: 4 | AT114: 民法法人（社団・財団） | AU114: 4
AS115: 5 | AT115: 営利法人 | AU115: 5
AS116: 6 | AT116: 非営利法人（ＮＰＯ） | AU116: 6
AS117: 7 | AT117: 農協 | AU117: 7
AS118: 8 | AT118: 生協 | AU118: 8
AS119: 9 | AT119: その他法人 | AU119: 9
AS120: 10 | AT120: 地方公共団体（都道府県） | AU120: 10
AS121: 11 | AT121: 地方公共団体（市町村） | AU121: 11
AS122: 12 | AT122: 地方公共団体（広域連合・一部事務組合等） | AU122: 12
... AS125: 15 | AT125: その他 | AU125: 99
AS127: 1 | AT127: 新規
AS128: 2 | AT128: 変更
AS129: 3 | AT129: 指定サービスの追加/変更
AS131: 1 | AT131: 口座振替
AS132: 2 | AT132: 納付書(納入通知書)
AS133: 8 | AT133: 口座不払
AS134: 9 | AT134: 納付書不払
AS138: 異動事由
AS139: 1 | AT139: 受給資格取得
AS140: 2 | AT140: 受給資格喪失
AS141: 3 | AT141: 政令市における受給者の区間異動
AS142: 4 | AT142: 合併による新規
AS143: 99 | AT143: その他異動
AS146: --2019/04/12 J020874 富士通（鈴木） かながわシステム新元号対応（２次） ADD START
AS147: 委任状元号＿口座振込依頼書
AS148: 順番 | AT148: 項目名称
AS149: 1 | AT149: 令和
AS150: 2 | AT150: 平成
AS151: '--2019/04/12 J020874 富士通（鈴木） かながわシステム新元号対応（２次） ADD END

Sheet 口座振込依頼書
A1: 口座振込（変更）依頼書（兼 受領委任状）
A4: 神奈川県国民健康保険団体連合会理事長 殿
A6: 以下の口座に，次に掲げる介護給付費等の振込を依頼します。
U8: 令和 | AA8: 年 | AG8: 月 | AM8: 日
A11: 申請者（債権者） | C11: 法人名称 ( 開 設 者 ) | I11: =IF(第２号様式!G24<>"",第２号様式!G24,"") | AG11: 届出印
C13: 郵便番号 | I13: 〒 | K13: =IF(第２号様式!$H$25<>"",IF(LEN(第２号様式!$H$25)>6,LEFT(第２号様式!$H$25,1),LEFT(REPT("0",7-LEN(第２号様式!$H$25))&第２号様式!$H$25,1)),"") | L13: =IF(第２号様式!$H$25<>"",IF(LEN(第２号様式!$H$25)>6,MID(第２号様式!$H$25,2,1),MID(REPT("0",7-LEN(第２号様式!$H$25))&第２号様式!$H$25,2,1)),"") | M13: =IF(第２号様式!$H$25<>"",IF(LEN(第２号様式!$H$25)>6,MID(第２号様式!$H$25,3,1),MID(REPT("0",7-LEN(第２号様式!$H$25))&第２号様式!$H$25,3,1)),"") | N13: - | O13: =IF(第２号様式!$H$25<>"",IF(LEN(第２号様式!$H$25)>6,MID(第２号様式!$H$25,4,1),MID(REPT("0",7-LEN(第２号様式!$H$25))&第２号様式!$H$25,4,1)),"") | P13: =IF(第２号様式!$H$25<>"",IF(LEN(第２号様式!$H$25)>6,MID(第２号様式!$H$25,5,1),MID(REPT("0",7-LEN(第２号様式!$H$25))&第２号様式!$H$25,5,1)),"") | Q13: =IF(第２号様式!$H$25<>"",IF(LEN(第２号様式!$H$25)>6,MID(第２号様式!$H$25,6,1),MID(REPT("0",7-LEN(第２号様式!$H$25))&第２号様式!$H$25,6,1)),"") | R13: =IF(第２号様式!$H$25<>"",IF(LEN(第２号様式!$H$25)>6,MID(第２号様式!$H$25,7,1),MID(REPT("0",7-LEN(第２号様式!$H$25))&第２号様式!$H$25,7,1)),"")
C14: 事業所 所在地 | I14: =IF(第２号様式!G26<>"",第２号様式!G26,"")
I16: =IF(第２号様式!G27<>"",第２号様式!G27,"")
C18: 代表者氏名 | I18: =IF(第２号様式!G31<>"",第２号様式!G31,"")
C20: 事業所名称 | I20: =IF(第２号様式!G36<>"",第２号様式!G36,"")
C22: 事業所番号 | I22: =IF(第２号様式!AA4<>"",LEFT(REPT("0",10-LEN(第２号様式!AA4))&第２号様式!AA4,1),"") | K22: =IF(第２号様式!AA4<>"",MID(REPT("0",10-LEN(第２号様式!AA4))&第２号様式!AA4,2,1),"") | M22: =IF(第２号様式!AA4<>"",MID(REPT("0",10-LEN(第２号様式!AA4))&第２号様式!AA4,3,1),"") | O22: =IF(第２号様式!AA4<>"",MID(REPT("0",10-LEN(第２号様式!AA4))&第２号様式!AA4,4,1),"") | Q22: =IF(第２号様式!AA4<>"",MID(REPT("0",10-LEN(第２号様式!AA4))&第２号様式!AA4,5,1),"") | S22: =IF(第２号様式!AA4<>"",MID(REPT("0",10-LEN(第２号様式!AA4))&第２号様式!AA4,6,1),"") | U22: =IF(第２号様式!AA4<>"",MID(REPT("0",10-LEN(第２号様式!AA4))&第２号様式!AA4,7,1),"") | W22: =IF(第２号様式!AA4<>"",MID(REPT("0",10-LEN(第２号様式!AA4))&第２号様式!AA4,8,1),"") | Y22: =IF(第２号様式!AA4<>"",MID(REPT("0",10-LEN(第２号様式!AA4))&第２号様式!AA4,9,1),"") | AA22: =IF(第２号様式!AA4<>"",MID(REPT("0",10-LEN(第２号様式!AA4))&第２号様式!AA4,10,1),"")
C24: 対象事業名 | I24: =第２号様式!AA5 | K24: =第２号様式!G41
A27: 送付先 | C27: 郵便番号 | I27: 〒 | K27: =IF(#REF!="","",LEFT(#REF!,3)) -> #REF! | N27: - | O27: =IF(#REF!="","",RIGHT(#REF!,4)) -> #REF!
C28: 送付先住所 | I28: =IF(#REF!="","",#REF!) -> #REF!
I30: =IF(#REF!="","",#REF!) -> #REF!
C32: 宛名 | I32: =IF(#REF!="","",#REF!) -> #REF!
C34: 電話番号 | I34: =IF(#REF!="","",#REF!) -> #REF! | L34: =IF(I34="","","-") -> #REF! | M34: =IF(#REF!="","",#REF!) -> #REF! | P34: =IF(M34="","","-") -> #REF! | Q34: =IF(#REF!="","",#REF!) -> #REF!
A37: 振込先 | C37: 金融機関名 | Y37: 金 融 機 関 コ ー ド
C39: 支店名 | Y39: 支 店 コ ー ド
C41: 口座番号 | W41: 預金種目 | AC41: 1
C43: 口座名義人 | E43: ﾌﾘｶﾞﾅ
E45: 氏名
A49: 受領委任状
C50: 申請者（債権者）は，口座名義人（受任者）に，上記介護給付費等の受領に関する一切の権限を
C51: 委任します。
C52: =U8 -> 令和 | F52: =IF(X8<>"",X8,"") | I52: 年 | J52: =IF(AD8<>"",AD8,"") | M52: 月 | N52: =IF(AJ8<>"",AJ8,"") | Q52: 日
C54: 委任者 | I54: =IF(I18<>"",I18,"") | AK54: 印
I57: ※振込エラー防止のためどちらか一方にチェックをお願いします。
E58: 取扱金融機関の確認を以下に明記します。 | V58: ２枚目に通帳のコピーを添付します。
A60: 金 融 機 関 記 載 欄
I61: 上記口座が存在することを確認しました。
K63: 金融機関名
K65: 確認年月日 | AH65: ㊞
A69: 【振込先金融機関 通帳の写し添付様式】
U72: =$U$8 -> 令和 | X72: =IF(X8<>"",X8,"") | AA72: 年 | AD72: =IF(AD8<>"",AD8,"") | AG72: 月 | AJ72: =IF(AJ8<>"",AJ8,"") | AM72: 日
E75: 事業所名 | K75: =IF(I20<>"",I20,"")
E81: ※振込先金融機関の通帳の表面の名義人名の写し
D98: こちらに通帳の表面の写しを貼ってください。
E106: ※振込先金融機関の通帳の名義人名カタカナの写し
E123: こちらにカタカナ部分の写しを貼ってください。

Sheet 付表１
A1: 付表１ 指定特定相談支援事業所及び障害児相談支援支援事業所の指定に係る記載事項
AA2: ※受付番号
A4: 事業所 | C4: ﾌﾘｶﾞﾅ | I4: =IF(第２号様式!S42=1,IF(第２号様式!G35<>"",第２号様式!G35,""),"")
C5: 名 称 | I5: =IF(第２号様式!S42=1,IF(第２号様式!G36<>"",第２号様式!G36,""),"")
C6: 所在地 | I6: 〒 | K6: =IF(第２号様式!S42=1,IF(第２号様式!H37<>"",第２号様式!H37,""),"") | Q6: ←郵便番号を半角数字７桁で入力してください
I7: =IF(第２号様式!S42=1,IF(第２号様式!G38<>"",第２号様式!G38,""),"")
I8: =IF(第２号様式!S42=1,IF(第２号様式!G39<>"",第２号様式!G39,""),"")
C9: 連 絡 先 | I9: 電話番号 | W9: ＦＡＸ番号
A10: 当該事業の実施について定めてある定款・寄付行為等又は条例等
A11: 管理者 | C11: ﾌﾘｶﾞﾅ
C12: 氏 名
C13: 住 所 | I13: 〒 | Q13: ←郵便番号を半角数字７桁で入力してください
C16: 当該事業所における相談支援専門員との兼務の有無 | W16: 2
C17: 同一敷地内の他の事業所又は施設の従業者との兼務（兼務の場合記入） | O17: 事業所等の名称
O18: 事業の種類
O19: 兼務する職種
O20: 勤務時間
A21: 相談支援専門員 | C21: ﾌﾘｶﾞﾅ
C22: 氏 名
C23: 住 所 | I23: 〒 | Q23: ←郵便番号を半角数字７桁で入力してください
A26: 従業者の職種 ・員数 | C26: (単位：人） | I26: 相談支援専門員 | O26: その他の者 | U26: 他の事業所又は施設の従業者との兼務
I27: 専従 | L27: 兼務 | O27: 専従 | R27: 兼務 | U27: 1
C28: 従業者数 | F28: 常勤 | U28: 2
F29: 非常勤
C30: 常勤換算後の人数
C31: ※基準上の必要人数
A32: 主な掲示事項 | C32: 営業日 | AL32: FALSE | AM32: FALSE | AN32: FALSE | AO32: FALSE | AP32: FALSE | AQ32: FALSE | AR32: FALSE
C33: 営業時間 | I33: 平日 | O33: ～ | T33: 土曜 | Z33: ～ | AE33: 備考
I34: 日曜 | O34: ～ | T34: 祝日 | Z34: ～
C35: 主たる対象者 | AL35: FALSE | AM35: FALSE | AN35: FALSE | AO35: FALSE | AP35: FALSE
C36: 利用料 | AL36: ※未使用
C37: その他費用
C38: 通常の事業 の実施地域
A42: 総合的な相談支援の実施体制の具体的な方法 | C42: 主たる対象としていない者への対応体制
C43: 医療機関や行政との連携体制
C44: 計画的な研修又は当該事業所における事例の検討等を行う体制 | AL44: 1
A45: 相談支援機能強化型体制 | I45: 1 | R45: 行動障害支援体制加算 | Z45: 2
A46: 要医療児者支援体制加算 | I46: 2 | R46: 精神障害者支援体制加算 | Z46: 2
A47: 主任相談支援専門員配置加算 | I47: 2 | R47: ピアサポート体制加算 | Z47: 2
A48: （備考）
A49: １．「※」のついた欄には、記載しないでください。
A50: ２． 事業所の名称・所在地については、様式第１号から転記されます。
A51: ３．「主な掲示事項」欄には、その内容を簡潔に記載してください。

Sheet 付表別紙
A2: 付表 別紙 | F2: 他の事業所又は施設の従事者と兼務する相談支援専門員について
A5: 他の事業所又は施設の従業者と兼務する相談支援専門員を全て記載してください。 ※記入欄が不足する場合は追加して記入してください。
A6: 1 | C6: 氏 名 | K6: 事業所の名称
C7: フリガナ | K7: 事業の種類 | T7: 兼務する職種
C8: 氏名 | K8: 勤務時間
A9: 2 | C9: 氏 名 | K9: 事業所の名称
C10: フリガナ | K10: 事業の種類 | T10: 兼務する職種
C11: 氏名 | K11: 勤務時間
A12: 3 | C12: 氏 名 | K12: 事業所の名称
C13: フリガナ | K13: 事業の種類 | T13: 兼務する職種
C14: 氏名 | K14: 勤務時間
A15: 4 | C15: 氏 名 | K15: 事業所の名称
C16: フリガナ | K16: 事業の種類 | T16: 兼務する職種
C17: 氏名 | K17: 勤務時間
A18: 5 | C18: 氏 名 | K18: 事業所の名称
C19: フリガナ | K19: 事業の種類 | T19: 兼務する職種
C20: 氏名 | K20: 勤務時間

Sheet 【記載例】付表別紙
A2: 付表 別紙 | F2: 他の事業所又は施設の従事者と兼務する相談支援専門員について
A5: 他の事業所又は施設の従業者と兼務する相談支援専門員を全て記載してください。 ※記入欄が不足する場合は追加して記入してください。
A6: 1 | C6: 氏 名 | K6: 事業所の名称 | O6: ○○ヘルパーサービス
C7: フリガナ | F7: ｻｶﾞﾐ ｼﾞﾛｳ | K7: 事業の種類 | O7: 居宅介護 | T7: 兼務する職種 | X7: 管理者
C8: 氏名 | F8: 相模 次郎 | K8: 勤務時間 | O8: 平日（月曜日～金曜日） 10時から12時まで
A9: 2 | C9: 氏 名 | K9: 事業所の名称
C10: フリガナ | K10: 事業の種類 | T10: 兼務する職種
C11: 氏名 | K11: 勤務時間
A12: 3 | C12: 氏 名 | K12: 事業所の名称
C13: フリガナ | K13: 事業の種類 | T13: 兼務する職種
C14: 氏名 | K14: 勤務時間
A15: 4 | C15: 氏 名 | K15: 事業所の名称
C16: フリガナ | K16: 事業の種類 | T16: 兼務する職種
C17: 氏名 | K17: 勤務時間
A18: 5 | C18: 氏 名 | K18: 事業所の名称
C19: フリガナ | K19: 事業の種類 | T19: 兼務する職種
C20: 氏名 | K20: 勤務時間
